[Event "*** Titled Tuesday Blitz"]
[Site "Chess.com"]
[Date "2020.05.12"]
[Round "4"]
[White "Duhless"]
[Black "Elshan1985"]
[Result "1-0"]
[WhiteElo "3097"]
[BlackElo "2729"]
[TimeControl "180+1"]
[EndTime "10:39:49 PDT"]
[Termination "Duhless won by resignation"]

1. d4 e6 2. Nf3 Nf6 3. c4 d5 4. g3 dxc4 5. Bg2 c5 6. O-O Nc6 7. Qa4 Bd7 8. Qxc4 cxd4 9. Nxd4 Rc8 10. Nc3 Nxd4 11. Qxd4 Bc5 12. Qh4 Be7 13. Bxb7 Rb8 14. Bf3 Rb4 15. Qh3 e5 16. Qg2 O-O 17. Rd1 Qb8 18.
Bg5 Be6 19. b3 h6 20. Bxf6 Bxf6 21. Nd5 Rd4 22. Nxf6+ gxf6 23. Rxd4 exd4 24. Rd1 Qe5 25. Be4 Re8 26. Bd3 Bd5 27. f3 a5 28. Qf2 a4 29.
bxa4 Bxa2 30. Bb5 Rd8 31. e3 Bb3 32. exd4 Qf5 33. Re1 Bd5 34. Qe3 Kg7 35. Rf1 Rc8 36.
Bd3 Qd7 37. Be4 Bxe4 38. fxe4 Qxa4 39. Qf2 Qc6 40. e5 Rd8 41. Qxf6+ Qxf6 42. exf6+ Kg6 43. Rf4 Ra8 44. Kf2 Ra2+ 45. Ke3 Rxh2 46. d5 Rh3 47. Rf3 Rh1 48. Kd4 Rd1+ 49. Kc5 Kg5 50. d6 Kg4 51.
Re3 Kf5 52. Kc6 Kxf6 53. d7 Rc1+ 54. Kd6 Rd1+ 55. Kc7 Rc1+ 56. Kd8 h5 57. Rf3+ Kg5 58. Rxf7 Kg4 59. Rg7+ Kh3 60. Rg5 1-0

[Event "*** Titled Tuesday Blitz"]
[Site "Chess.com"]
[Date "2020.05.12"]
[Round "4"]
[White "gahryman"]
[Black "Korona_91"]
[Result "1-0"]
[WhiteElo "2638"]
[BlackElo "2455"]
[TimeControl "180+1"]
[EndTime "10:39:49 PDT"]
[Termination "gahryman won by resignation"]

1. d4 e6 2. Bf4 f5 3. e3 Nf6 4. c4 b6 5. Be2 Bb7 6. Bf3 Bb4+ 7. Nd2 Ne4 8. Bxe4 Bxe4 9. Nf3 O-O 10. O-O Bb7 11. a3 Bxd2 12. Nxd2 d6 13. h3 Nd7 14.
Bh2 e5 15. Qc2 Qg5 16. d5 e4 17. Nb3 Ne5 18. Nd4 Nf3+ 19. Kh1 Nxd4 20. exd4 Rae8 21.
Rae1 Bc8 22. c5 Ba6 23. Rg1 Bd3 24. f4 Qf6 25. Qa4 bxc5 26. dxc5 dxc5 27. Qxa7 c4 28. Qxc7 Qxb2 29. d6 c3 30. Bg3 c2 31. d7 Rd8 32. Bh4 Qb8 33. Qc6 Rf7 34. Bxd8 Qxd8 35.
Rc1 Rxd7 36. Rxc2 Bxc2 37. Qxc2 Rd3 38. Qc4+ Kh8 39. Qf7 Rd5 40. Rc1 h6 41. Rc7 Rd1+ 42. Kh2 Qg8 43. Qxf5 e3 44. Qe5 Rd3 45. a4 Ra3 46.
Re7 Kh7 47. Qe4+ Kh8 48. Re8 e2 49. Qxe2 Rxa4 50. Rxg8+ Kxg8 51. Qe8+ Kh7 52. Qxa4 1-0

[Event "*** Titled Tuesday Blitz"]
[Site "Chess.com"]
[Date "2020.05.12"]
[Round "4"]
[White "WhiteKnight2612"]
[Black "joppie2"]
[Result "0-1"]
[WhiteElo "2683"]
[BlackElo "2877"]
[TimeControl "180+1"]
[EndTime "10:39:50 PDT"]
[Termination "joppie2 won by resignation"]

1. Nf3 d5 2. g3 g6 3. Bg2 Bg7 4. d4 Nf6 5. O-O O-O 6. c4 c6 7.
b3 a5 8. Nc3 Bf5 9. Bb2 Ne4 10.
cxd5 cxd5 11. Nb5 Nc6 12. e3 Qd7 13. a4 Bg4 14. Ba3 Rac8 15. Qe1 Rfe8 16. Nd2 Ng5 17. f3 Bh3 18. f4 Bxg2 19. Kxg2 Ne4 20. Nxe4 dxe4 21. Rc1 h5 22. Qe2 Bf8 23. f5 Nb4 24. Bxb4 axb4 25. fxg6 fxg6 26. Rc4 Bh6 27. Qc2 Rxc4 28. bxc4 Rf8 29. Qxe4 Kh7 30. Rb1 e5 31. d5 h4 32. Qxh4 Qf5 33. e4 Qf3+ 34. Kh3 Qd3 35.
Re1 Rf1 36. Qe7+ Bg7 37. Qh4+ Kg8 38. Qd8+ Bf8 39. Qg5 Kh7 40. Qh4+ Kg7 41. Rxf1 Qxf1+ 42. Kg4 b3 43. Qg5 b2 44. Qxe5+ Qf6 45. Qxf6+ Kxf6 46. Nc3 Ke5 47. Kf3 Kd4 48. Nb1 Kd3 49. d6 Bxd6 50.
e5 Bxe5 51. c5 Bd4 52. c6 bxc6 53. a5 c5 54. a6 c4 55. Na3 c3 56. Nb5 b1=Q 57.
Nxd4 Kxd4 58. a7 Qe4+ 0-1

[Event "*** Titled Tuesday Blitz"]
[Site "Chess.com"]
[Date "2020.05.12"]
[Round "4"]
[White "Micki-taryan"]
[Black "Fy_Rakotomaharo"]
[Result "1-0"]
[WhiteElo "3060"]
[BlackElo "2644"]
[TimeControl "180+1"]
[EndTime "10:39:50 PDT"]
[Termination "Micki-taryan won by resignation"]

1. d4 Nf6 2. Nf3 g6 3. Nc3 d5 4.
Bf4 Bg7 5. Nb5 Na6 6. e3 O-O 7.
Be2 c6 8. Nc3 Nh5 9. Be5 Nc7 10. Bxg7 Kxg7 11. Ne5 Nf6 12. h4 h5 13. Qd2 Qd6 14. O-O-O b5 15. f3 a5 16. Rdg1 a4 17. Nb1 c5 18. g4 b4 19. gxh5 Nxh5 20. f4 Rh8 21. Bxh5 Rxh5 22. Rg5 Rh6 23. Rhg1 Ne6 24.
R5g3 Nf8 25. a3 bxa3 26. Nxa3 Bf5 27. Rg5 Be4 28. h5 f6 29. Rxg6+ Nxg6 30. Nxg6 Bxg6 31. f5 Rxh5 32. Rxg6+ Kf7 33. Qg2 Rg5 34. Rxg5 fxg5 35. Nb5 Qd7 36. dxc5 Qxf5 37. Nd4 Qe5 38. Qf2+ Kg6 39.
c6 a3 40. bxa3 Rxa3 41. Kd2 g4 42. Nb3 Ra6 43. Qf8 Qh2+ 44. Kd3 Qd6 45. Nd4 Ra3+ 46.
Kd2 Qb4+ 47. Ke2 Ra1 48. Qf5+ Kh6 49. Qf4+ Kh5 50. Qe5+ Kg6 51. Qe6+ Kh5 52. Qxd5+ Kg6 53. Qf5+ Kh6 54. Qe6+ Kg5 55. Qe5+ Kh6 56. Qe4 Qe1+ 57. Kd3 Qd1+ 58. Kc3 Ra3+ 59. Kb4 Ra1 60. Qf4+ Kg6 61. Qf5+ Kh6 62. Qe6+ Kg5 63. Qxe7+ Kg6 64. Qd6+ Kg5 65. Ne6+ Kg6 66. Qxd1 Rxd1 67. c7 Rb1+ 68. Kc3 g3 69.
c8=Q 1-0

[Event "*** Titled Tuesday Blitz"]
[Site "Chess.com"]
[Date "2020.05.12"]
[Round "4"]
[White "platy3"]
[Black "nabukatnezarr"]
[Result "0-1"]
[WhiteElo "2728"]
[BlackElo "2523"]
[TimeControl "180+1"]
[EndTime "10:39:50 PDT"]
[Termination "nabukatnezarr won by resignation"]

1. e4 e6 2. d4 d5 3. Nc3 Nf6 4.
e5 Nfd7 5. f4 c5 6. Nf3 Qb6 7.
Be3 a6 8. Na4 Qa5+ 9. c3 cxd4 10. b4 Qc7 11. Bxd4 Nc6 12. Be3 Be7 13. Be2 b5 14.
Nb2 a5 15. a3 O-O 16. O-O f6 17. Nd4 Nxd4 18. cxd4 fxe5 19. fxe5 axb4 20. axb4 Rxf1+ 21. Bxf1 Rxa1 22. Qxa1 Bxb4 23. Bxb5 Nf8 24. Nd3 Qa5 25. Qxa5 Bxa5 26. Nc5 Kf7 27. h4 h6 28. h5 Ke7 29.
g4 Bc3 30. Kg2 Nd7 31. Na4 Ba1 32. Kf3 Nf8 33. Ke2 Bd7 34. Bxd7 Nxd7 35. Kd3 Nb8 36.
Nc5 Nc6 37. Nb3 Bb2 38. Kc2 Ba3 39. Bf2 Bb4 40. Kd3 Kf7 41. Bh4 Na5 42. Nc1 Nc4 43. Ne2 Nb2+ 44. Kc2 Nc4 45. Bf2 Bd2 46. Kd3 Bg5 47. Be1 Ne3 48. Ng1 Nxg4 49. Nf3 Bf4 50. Ke2 Nh2 51. Nh4 Ng4 52. Kf3 Be3 53. Bc3 Nxe5+ 54.
Kxe3 Ng4+ 55. Kf4 Nf6 56. Ke5 Nxh5 57. Kd6 Nf6 58. Nf3 Ne4+ 59. Kd7 Nxc3 60. Ne5+ Kf6 0-1

[Event "*** Titled Tuesday Blitz"]
[Site "Chess.com"]
[Date "2020.05.12"]
[Round "4"]
[White "awesomevishesh"]
[Black "Mbneu"]
[Result "1-0"]
[WhiteElo "2437"]
[BlackElo "2243"]
[TimeControl "180+1"]
[EndTime "10:39:52 PDT"]
[Termination "awesomevishesh won on time"]

1. d4 Nf6 2. c4 c5 3. d5 e6 4. Nc3 exd5 5. cxd5 d6 6. Nf3 g6 7. g3 Bg7 8. Bg2 O-O 9. O-O a6 10. a4 Re8 11. Re1 Nbd7 12. h3 Ne5 13. Nxe5 Rxe5 14.
Bf4 Re8 15. e4 Qb6 16. Qc2 Nd7 17. a5 Qc7 18. Qa4 Kf8 19. Qc2 Ne5 20. Na4 Bd7 21. Nb6 Rad8 22. Rac1 Bb5 23. b4 Nd3 24. bxc5 Nxe1 25. Rxe1 Be5 26. Be3 dxc5 27. Bxc5+ Kg8 28. Rc1 Bd6 29. f4 Bxc5+ 30. Qxc5 Qxc5+ 31. Rxc5 Re7 32. e5 Kg7 33. d6 Ree8 34. Bxb7 f6 35.
Kf2 fxe5 36. fxe5 Kh6 37. h4 Rf8+ 38. Ke3 Rf5 39. Be4 Rf1 40. Nd5 Re1+ 41. Kd4 Rd1+ 42. Ke3 Re1+ 43. Kf4 Rf8+ 44. Nf6 Rf1+ 45. Ke3 Re1+ 46.
Kf3 Rf1+ 47. Kg2 Re1 48. Ng4+ Kg7 49. Rc7+ Kh8 50. Bf3 Rc1 51. Rxc1 1-0

[Event "*** Titled Tuesday Blitz"]
[Site "Chess.com"]
[Date "2020.05.12"]
[Round "4"]
[White "maciek_92"]
[Black "Maksimus1998"]
[Result "1-0"]
[WhiteElo "2644"]
[BlackElo "2462"]
[TimeControl "180+1"]
[EndTime "10:39:53 PDT"]
[Termination "maciek_92 won by resignation"]

1. e4 e6 2. d4 d5 3. Nd2 Nc6 4. Ngf3 Nf6 5. e5 Nd7 6. Bd3 Nb4 7. Be2 c5 8. c3 Nc6 9. Nf1 a5 10. Ng3 Be7 11. O-O O-O 12. Be3 cxd4 13. cxd4 f6 14.
exf6 Nxf6 15. Rc1 Bd7 16. Bd3 Rc8 17. Bb1 Be8 18. Ne5 Nxe5 19. dxe5 Rxc1 20. Qxc1 Nd7 21. Bd4 b6 22. f4 Bc5 23. Qe3 Qe7 24. Rc1 Qh4 25.
Bxc5 Nxc5 26. Ne2 Bh5 27. g3 Qe7 28. Nd4 Bg6 29. Bxg6 hxg6 30. h4 Rc8 31. Nf3 Qe8 32. Ng5 Ne4 33. Nxe4 Rxc1+ 34. Qxc1 dxe4 35. Qc4 Kf7 36.
Qxe4 Qd7 37. Qe3 Qd1+ 38. Kf2 Qc2+ 39. Qe2 Qc5+ 40. Kf1 Qc1+ 41. Kg2 Qc6+ 42. Kh2 Qd5 43. b3 b5 44. Kh3 Qh1+ 45. Kg4 Qd5 46. Qc2 a4 47. bxa4 bxa4 48. Qxa4 Qe4 49. Qd1 Qf5+ 50. Kf3 Qh3 51. Qd7+ Kg8 52. Qd1 Kh7 53. Qe2 Qf5 54.
Kg2 Qb1 55. a4 Qb7+ 56. Kh2 Qa6 57. Qxa6 1-0

[Event "*** Titled Tuesday Blitz"]
[Site "Chess.com"]
[Date "2020.05.12"]
[Round "4"]
[White "ChelsieMonica"]
[Black "HaryKane"]
[Result "1-0"]
[WhiteElo "2352"]
[BlackElo "2596"]
[TimeControl "180+1"]
[EndTime "10:39:53 PDT"]
[Termination "ChelsieMonica won by resignation"]

1. c4 e6 2. Nf3 d5 3. e3 Bd6 4. Nc3 c6 5. Be2 f5 6. O-O Nf6 7. b3 O-O 8. Bb2 Nbd7 9. h3 b6 10. Rc1 Bb7 11. d4 Ne4 12. Nxe4 fxe4 13. Ne5 Bxe5 14.
dxe5 Qh4 15. Bg4 Qe7 16. b4 Rad8 17. b5 Nc5 18. cxd5 Rxd5 19. Qe2 Nd3 20. bxc6 Nxc1 21. Rxc1 Bc8 22. Bd4 Qa3 23. Qc2 Qd3 24. Qb2 Qb5 25. Qa3 Rf7 26. c7 Qa5 27. Qb2 b5 28. Qc2 g6 29. h4 Qa6 30. Kh2 Qb7 31. Qxe4 Rxc7 32. Rd1 Rf7 33. Bf3 Qe7 34. Qg4 Rd8 35. Rc1 Rf5 36. Rc6 Bb7 37. Rc5 Bxf3 38. gxf3 Rdf8 39. f4 Qf7 40. Rc6 Qe7 41. Rd6 Rh5 42. Kg3 Re8 43.
Bc5 Qf7 44. Rc6 Qd7 45. Rd6 Qf7 46. Bb4 Rf5 47. Kf3 Qb7+ 48. Kg3 Qh1 49. Qf3 Qg1+ 50. Kh3 Rc8 51. Rxe6 Qf1+ 52. Qg2 Qxg2+ 53. Kxg2 Rf7 54. Ra6 Rb7 55. e6 Rc4 56. Bd6 Ra4 57. Rc6 Re4 58. Be5 Kf8 59. Bf6 Rb8 60. Rc7 Rxe6 61. Bg7+ Ke8 62.
Be5 Re7 63. Rxe7+ Kxe7 64. Bxb8 a5 65. Bc7 a4 66. Ba5 Kd6 67. Bb4+ Kd5 68. a3 Kc4 69. Kg3 1-0

[Event "*** Titled Tuesday Blitz"]
[Site "Chess.com"]
[Date "2020.05.12"]
[Round "4"]
[White "CarlosAlbornoz"]
[Black "Megagigahiper3345"]
[Result "1/2-1/2"]
[WhiteElo "2701"]
[BlackElo "2501"]
[TimeControl "180+1"]
[EndTime "10:39:54 PDT"]
[Termination "Game drawn by stalemate"]

1. e4 c5 2. Nf3 d6 3. d4 cxd4 4. Nxd4 Nf6 5. Nc3 a6 6. h4 e5 7. Nb3 Be6 8. f4 b5 9. f5 Bc8 10. g4 Bb7 11. Bg2 b4 12. Nd5 Nxd5 13. exd5 a5 14.
Be3 a4 15. Nd2 Nd7 16. g5 h6 17. Qg4 hxg5 18. hxg5 Rxh1+ 19. Bxh1 Qa5 20. Nc4 Qb5 21. Rd1 b3 22. cxb3 axb3 23. a3 Ra4 24. Rc1 Ba6 25.
f6 Rxc4 26. Rxc4 Qxc4 27. Qxc4 Bxc4 28. fxg7 Bxg7 29. Be4 Nc5 30. Bxc5 dxc5 31. Kd2 Kd7 32. Kc3 Ba6 33. Kxb3 Kd6 34. Kc3 Bb7 35. Kc4 Bf8 36. b4 cxb4 37. axb4 Be7 38. g6 fxg6 39. Bxg6 Bxd5+ 40. Kd3 Kc6 41. Be8+ Kb6 42. b5 Bc5 43. Bg6 Kxb5 44.
Ke2 Kc4 45. Kd2 Kd4 46. Ke2 Be4 47. Be8 Bd3+ 48. Kd1 e4 49. Bh5 Bb4 50. Kc1 e3 51. Kd1 Bc3 52. Kc1 e2 53. Bxe2 Bxe2 54. Kc2 Bc4 55. Kc1 Kd3 56. Kd1 Bb3+ 57. Kc1 Bd4 58. Kb1 Kc3 59. Kc1 Be3+ 60. Kb1 Bc4 61. Ka1 Bd4 62. Kb1 Kd3 63. Kc1 Bb3 64. Kb1 Bc2+ 65. Ka2 Kc3 66. Ka3 Bc5+ 67. Ka2 Bb3+ 68. Kb1 Be6 69.
Kc1 Be3+ 70. Kd1 Bg4+ 71. Ke1 Kd3 72. Kf1 Kd2 73. Kg2 Bf4 74. Kf2 Kd3 75. Kg2 Ke2 76.
Kg1 Bf3 1/2-1/2

[Event "*** Titled Tuesday Blitz"]
[Site "Chess.com"]
[Date "2020.05.12"]
[Round "4"]
[White "S_Kalvaitis"]
[Black "Morshynska"]
[Result "0-1"]
[WhiteElo "2387"]
[BlackElo "2181"]
[TimeControl "180+1"]
[EndTime "10:39:54 PDT"]
[Termination "Morshynska won by checkmate"]

1. e4 Nc6 2. Nc3 d6 3. d4 g6 4. f4 Bg7 5. Be3 Nf6 6. Nf3 O-O 7. e5 Ne8 8. Qd2 a6 9. O-O-O Bg4 10. Ne4 d5 11.
Nf2 Bxf3 12. gxf3 e6 13. h4 h5 14. Bd3 Ne7 15. f5 Nxf5 16. Bxf5 exf5 17. Nd3 c6 18.
Bg5 Qc8 19. Be7 Nc7 20. Bxf8 Bxf8 21. Rdg1 Kh7 22. Kb1 Ne6 23. c3 Bh6 24. Qc2 b6 25.
Nf2 c5 26. dxc5 bxc5 27. Nh3 Qb7 28. Ng5+ Nxg5 29. hxg5 Bg7 30. f4 Rb8 31. Rh2 Kg8 32. Ka1 a5 33. Re1 Qc6 34. Rhe2 Re8 35. Qd3 a4 36. a3 Bf8 37. e6 Rxe6 38. Rxe6 fxe6 39. Qe3 Kf7 40. Qe5 Bg7 41. Qb8 d4 42. cxd4 Bxd4 43. Qa7+ Kg8 44. Qe7 h4 45. Qd8+ Kf7 46. Qf6+ Bxf6 47. gxf6 Kxf6 48. Rd1 Qe4 49. Ka2 Qxf4 50. Rd8 Qc4+ 51. Kb1 Qb3 52. Rd1 g5 53. Rc1 g4 54.
Rxc5 Qd1+ 55. Rc1 Qxc1+ 56. Kxc1 h3 57. b3 h2 58. Kb2 h1=Q 59. bxa4 Qa8 60. Kb3 Qa5 61.
Ka2 Qxa4 62. Kb2 g3 63. Ka2 g2 64. Kb2 g1=Q 65. Ka2 Qg2+ 66. Kb1 Qd1# 0-1

[Event "*** Titled Tuesday Blitz"]
[Site "Chess.com"]
[Date "2020.05.12"]
[Round "4"]
[White "Shankovskyi"]
[Black "I_Hit_18K_on_BS"]
[Result "0-1"]
[WhiteElo "2547"]
[BlackElo "2231"]
[TimeControl "180+1"]
[EndTime "10:39:55 PDT"]
[Termination "I_Hit_18K_on_BS won on time"]

1. e4 c5 2. Nf3 d6 3. d4 cxd4 4. Nxd4 Nf6 5. f3 a6 6. c4 e5 7. Nc2 Be6 8. Nc3 Nbd7 9. Be3 Rc8 10. Na3 Be7 11. Be2 O-O 12. O-O Qa5 13. Qd2 Rfe8 14. Rfd1 Bf8 15. Bf1 Nb6 16. Qd3 Qb4 17. Nd5 Bxd5 18.
cxd5 Na4 19. Nc4 Nd7 20. a3 Qb5 21. Rdc1 Nxb2 22. Nxb2 Qxb2 23. Rcb1 Qc3 24. Qe2 Nc5 25. Rc1 Qa5 26. Rab1 Re7 27. Bd2 Qc7 28. Bb4 b6 29. Rc2 Qa7 30. Rbc1 a5 31. Bd2 Rec7 32. Qf2 Be7 33. Bb5 Bf6 34. Bc6 Nd3 35. Qe3 Nxc1 36. Rxc1 h6 37. a4 Bg5 38. Qd3 Bxd2 39. Qxd2 Qa6 40.
Qc3 Qa7 41. Kf1 Qa6+ 42. Qc4 Qxc4+ 43. Rxc4 Kf8 44. Rc3 Ke7 45. Rb3 Rxc6 46. dxc6 Rxc6 47. Ke2 Kd7 48. Kd2 Kc7 49. Rc3 Rxc3 50. Kxc3 Kc6 51. Kc4 f6 52. h4 h5 53. g3 g6 54. g4 Kc7 55. Kd5 Kd7 56. g5 fxg5 57. hxg5 h4 0-1

[Event "*** Titled Tuesday Blitz"]
[Site "Chess.com"]
[Date "2020.05.12"]
[Round "4"]
[White "BaMBoMaTTo"]
[Black "OparinGrigoriy"]
[Result "1/2-1/2"]
[WhiteElo "2644"]
[BlackElo "2917"]
[TimeControl "180+1"]
[EndTime "10:39:56 PDT"]
[Termination "Game drawn by repetition"]

1. e4 c6 2. d4 d5 3. e5 c5 4.
dxc5 e6 5. a3 Bxc5 6. b4 Bb6 7.
Nf3 Ne7 8. Bd3 Ng6 9. O-O Nc6 10. Bb2 Nf4 11. c4 Bc7 12. c5 a5 13. b5 Nxe5 14.
Nxe5 Qg5 15. Qg4 Qxg4 16. Nxg4 e5 17. Nxe5 Bxe5 18. Bxe5 Nxd3 19. Bd6 Be6 20. Nc3 Nb2 21. Rfe1 Kd7 22. Be5 Nd3 23. Re3 Nxc5 24. Bxg7 Rhg8 25.
Be5 Ne4 26. Nxe4 dxe4 27. Rd1+ Ke7 28. Bd6+ Kf6 29. Rxe4 Rac8 30. Rf4+ Kg6 31. Be5 h6 32. Rfd4 Rc5 33. Bf4 Rxb5 34. f3 Rb3 35. R4d3 a4 36. Kf2 Rc8 37. g4 Rcc3 38. Rxc3 Rxc3 39. Bd6 Bb3 40.
Rd4 Bc4 41. Bb4 Rc2+ 42. Kg3 b5 43. h4 f6 44. Rd6 Kf7 45. h5 Re2 46. Bc3 Re6 47.
Rxe6 Kxe6 48. Bd2 f5 49. Bxh6 fxg4 50. fxg4 Be2 51. Bd2 Bd1 52. Kf4 Kf6 53. Bc3+ Ke6 54. h6 Bc2 55. Kg5 Kf7 56. Kf4 Kg6 57. g5 Bb3 58.
Bf6 Bc4 59. Ke5 Kh7 60. Kd4 Kg6 61. Kc5 Kh7 62. Kb4 Kg6 63. Kc5 Kh7 64. Kb4 Kg6 65. Kc5 1/2-1/2

[Event "*** Titled Tuesday Blitz"]
[Site "Chess.com"]
[Date "2020.05.12"]
[Round "4"]
[White "plumalka"]
[Black "BakaPG"]
[Result "0-1"]
[WhiteElo "2447"]
[BlackElo "2631"]
[TimeControl "180+1"]
[EndTime "10:39:56 PDT"]
[Termination "BakaPG won by resignation"]

1. e4 e6 2. d4 d5 3. Nc3 Nf6 4. Bg5 Be7 5. e5 Nfd7 6. h4 a6 7. Qg4 Bxg5 8. hxg5 c5 9. O-O-O cxd4 10. Rxd4 Nxe5 11. Qg3 Nbc6 12. Rd1 Ng6 13. f4 Qc7 14. Nh3 Bd7 15. Qf2 O-O-O 16. g4 Kb8 17. Bg2 Bc8 18.
Rhe1 h6 19. gxh6 Rxh6 20. f5 Nge5 21. g5 Rhh8 22. Nf4 d4 23. Ne4 exf5 24. Nc5 Qa5 25. Nb3 Qxa2 26. Nd5 Nc4 27. Rd3 Qxb2+ 28. Kd1 Qb1+ 29.
Nc1 Rhe8 30. Rxe8 Rxe8 31. Qf4+ Ka7 32. Rxd4 Na3 33. Qf2 Qxc2+ 34. Qxc2 Nxc2 35. Rd3 N2b4 36. Nxb4 Nxb4 37. Rd4 a5 38. Nb3 Kb6 39. Nd2 Be6 40.
Bf1 Nc6 41. Rd3 Rd8 42. Rc3 Ne5 43. Kc1 Rd6 44. Kb2 Rxd2+ 45. Kc1 Rd6 46. Kb1 Nc6 47. Kb2 Nb4 48. Ka3 Rd2 49. Bc4 Bxc4 50. Rxc4 Rd3+ 51.
Ka4 Nc6 52. g6 Rd4 53. gxf7 Rxc4+ 54. Kb3 Nd4+ 55. Kxc4 Ne6 56. Kd5 Nf8 57. Kd6 a4 58. Ke7 Nh7 59. Ke8 f4 60. f8=Q Nxf8 61. Kxf8 f3 0-1

[Event "*** Titled Tuesday Blitz"]
[Site "Chess.com"]
[Date "2020.05.12"]
[Round "4"]
[White "26andrej26"]
[Black "olomi007"]
[Result "1-0"]
[WhiteElo "2483"]
[BlackElo "2639"]
[TimeControl "180+1"]
[EndTime "10:39:57 PDT"]
[Termination "26andrej26 won on time"]

1. e4 c5 2. Nf3 d6 3. d4 cxd4 4.
Nxd4 Nf6 5. Nc3 g6 6. Be2 Bg7 7. Be3 Nc6 8. O-O O-O 9. f4 Qb6 10. Rb1 Nxe4 11. Nf5 Nxc3 12. bxc3 Qa5 13. Nxg7 Kxg7 14.
f5 Bxf5 15. Rb5 Qxc3 16. Rf3 Qxc2 17. Qa1+ e5 18. Bd1 Qc4 19. Rxb7 Bg4 20. Bb3 Qe2 21. Rfxf7+ Rxf7 22. Rxf7+ Kh8 23. Bh6 Rg8 24. Rc7 Nd4 25.
Bxg8 Bh3 26. Rxh7+ Kxg8 27. Rg7+ Kh8 28. Qf1 Qxf1+ 29.
Kxf1 Bf5 30. Rxa7 d5 31. Bg7+ Kg8 32. Bxe5 Nb5 33. Rb7 d4 34. Ke1 Nc3 35. a3 Be4 36.
Rg7+ Kf8 37. Bxd4 Nb5 38. Bb2 Nxa3 39. Rc7 Nb5 40. Rc5 Na7 41. Re5 Bxg2 42. Kf2 Bh1 43. Kg3 Bc6 44. Re6 Bd5 45. Rxg6 Nc6 46. Rg7 Be6 47.
Rg5 Ne7 48. h4 Kf7 49. h5 Nf5+ 50. Kf4 Ne7 51. Rg7+ Kf8 52. h6 Bg8 53. h7 Bxh7 54. Rxh7 Ng6+ 55. Kf5 Ne7+ 56. Ke6 Ng6 57. Rf7+ Ke8 58.
Bg7 Nf4+ 59. Rxf4 1-0

[Event "*** Titled Tuesday Blitz"]
[Site "Chess.com"]
[Date "2020.05.12"]
[Round "4"]
[White "FGHSMN"]
[Black "Ladislav1969"]
[Result "0-1"]
[WhiteElo "2502"]
[BlackElo "2344"]
[TimeControl "180+1"]
[EndTime "10:39:59 PDT"]
[Termination "Ladislav1969 won by checkmate"]

1. e4 c5 2. Nf3 e6 3. d4 cxd4 4. Nxd4 a6 5. c4 Nf6 6. Nc3 Nc6 7. Nxc6 dxc6 8. Qxd8+ Kxd8 9. Be3 Bb4 10. O-O-O+ Ke7 11. e5 Ng4 12. Bg5+ f6 13. exf6+ gxf6 14. Bh4 Bxc3 15. bxc3 e5 16. h3 Nh6 17. g4 Nf7 18. Bd3 h5 19. f3 Be6 20. Rde1 Rad8 21. Kc2 Rh6 22. Bg3 Rdh8 23. Rhg1 hxg4 24. hxg4 Rg8 25. f4 Rxg4 26.
fxe5 Nxe5 27. Bxe5 Rxg1 28. Bxf6+ Kxf6 29. Rxg1 Rh2+ 30. Kb3 Rh3 31. Rf1+ Ke7 32. Be2 Rh2 33. Re1 Kd6 34. Bd3 Rh3 35. Rd1 Kc5 36. a4 Rxd3 37. Rxd3 Bxc4+ 38. Kc2 Bxd3+ 39. Kxd3 b5 40. a5 b4 41. c4 b3 42. Kc3 b2 43. Kxb2 Kxc4 44. Ka3 Kb5 45. Kb3 Kxa5 46. Kc4 Kb6 47. Kb4 a5+ 48. Ka4 Ka6 49. Kb3 Kb5 50. Ka3 a4 51. Kb2 c5 52.
Kc3 c4 53. Kc2 Kc5 54. Kc3 Kb5 55. Kb2 Kb4 56. Ka2 c3 57. Kb1 Kb3 58. Ka1 Kc2 59. Ka2 Kd2 60. Ka3 c2 61. Kxa4 c1=Q 62. Kb5 Qb2+ 63. Kc6 Qd4 64. Kb5 Kc3 65. Ka6 Kb3 66. Kb7 Qc5 67. Ka6 Qb4 68. Ka7 Kc4 69. Ka8 Kc5 70. Ka7 Kc6 71. Ka8 Qb7# 0-1

[Event "*** Titled Tuesday Blitz"]
[Site "Chess.com"]
[Date "2020.05.12"]
[Round "4"]
[White "FedaMaster"]
[Black "Maybe00"]
[Result "1-0"]
[WhiteElo "2543"]
[BlackElo "2824"]
[TimeControl "180+1"]
[EndTime "10:40:00 PDT"]
[Termination "FedaMaster won by resignation"]

1. e4 e5 2. Nf3 Nc6 3. Bb5 a6 4.
Bxc6 dxc6 5. O-O f6 6. d4 exd4 7. Nxd4 c5 8. Ne2 Qxd1 9. Rxd1 Bd7 10. Bf4 O-O-O 11. Nbc3 Re8 12. f3 Bc6 13. Nd5 Bd6 14.
Bxd6 cxd6 15. Ne3 Ne7 16. Rxd6 Kc7 17. Rad1 Nc8 18. R6d2 g6 19. Nf4 Nb6 20. Nfd5+ Nxd5 21. Nxd5+ Bxd5 22. Rxd5 c4 23. Rc5+ Kb6 24. Rxc4 Re6 25. Rcd4 Kc7 26. Rd7+ Kc8 27. R7d6 Rhe8 28. Rxe6 Rxe6 29.
c4 Kc7 30. Kf2 a5 31. Rd5 a4 32. b3 axb3 33. axb3 Ra6 34. Rd2 Ra3 35. Rd3 Ra2+ 36. Kg3 Rb2 37. f4 Rb1 38. Kf2 Ra1 39. h4 Kc6 40. e5 fxe5 41. fxe5 Ra5 42. Re3 Kd7 43. e6+ Ke7 44. Kf3 Rf5+ 45. Ke2 h5 46. Kd3 Rf2 47.
g3 Ra2 48. Kc3 Ra5 49. Kb4 Rf5 50. c5 g5 51. hxg5 Rxg5 52. Kb5 Rf5 53. Kb6 Rg5 54. b4 Rg4 55. b5 Rb4 56. Kxb7 Rxb5+ 57. Kc6 Rb4 58.
Kc7 h4 59. gxh4 Rxh4 60. c6 Rb4 61. Kc8 Rb6 62. c7 Rb4 63. Re1 Rb3 64. Rh1 Rb2 65.
Rh7+ Ke8 66. Rd7 Rb3 67. Rd6 Rb2 68. Ra6 Ke7 69. Ra7 Rh2 70. Kb8 Rb2+ 71. Rb7 1-0

[Event "*** Titled Tuesday Blitz"]
[Site "Chess.com"]
[Date "2020.05.12"]
[Round "4"]
[White "Parkas"]
[Black "gmelviro"]
[Result "1-0"]
[WhiteElo "2401"]
[BlackElo "2151"]
[TimeControl "180+1"]
[EndTime "10:40:00 PDT"]
[Termination "Parkas won by resignation"]

1. e4 e5 2. f4 exf4 3. Nf3 d6 4. Nc3 g5 5. Bc4 Bg7 6. d4 c6 7. g3 g4 8. Nh4 f3 9. Be3 Ne7 10. Qd2 b5 11. Bd3 b4 12. Nd1 a5 13. Nf2 h5 14. h3 Ng6 15. Nxg6 fxg6 16. e5 Kf7 17.
O-O-O d5 18. hxg4 hxg4 19. Bg5 Qe8 20. Qf4+ Kg8 21. Nxg4 Bxg4 22. Qxg4 Ra7 23. Qxf3 b3 24. axb3 a4 25. bxa4 Rxa4 26. c3 Nd7 27. Kc2 Nf8 28.
Rxh8+ Bxh8 29. Rh1 Bg7 30. Rf1 Ra7 31. Qg4 Rf7 32.
Rxf7 Qxf7 33. Kb1 Ne6 34. Be3 Nf8 35. Kc2 Kh7 36. Qh4+ Kg8 37. Qd8 Qf3 38. Bd2 Qxg3 39. Qc8 Qg2 40. Kc1 Qg1+ 41. Kc2 Qg2 42. Kd1 Qf3+ 43.
Be2 Qf5 44. Qxf5 gxf5 45. Bg5 Ne6 46. Be3 Kf7 47. Bh5+ Ke7 48. Ke2 Kd7 49. Kf3 Bf8 50.
b3 Ba3 51. c4 Bb2 52. cxd5 cxd5 53. Bg6 Nxd4+ 54. Bxd4 Bxd4 55. Bxf5+ Ke7 56. e6 Bc5 57.
Bh3 d4 58. Ke2 Kd6 59. Kd3 Ke5 60. Kc4 Be7 61. b4 Bd6 62. b5 Be7 63. b6 Bd6 64. b7 d3 65. e7 Bxe7 66. b8=Q+ Bd6 67. Qe8+ Kf4 68. Kxd3 1-0

[Event "*** Titled Tuesday Blitz"]
[Site "Chess.com"]
[Date "2020.05.12"]
[Round "4"]
[White "Gergo85"]
[Black "GukeshDommaraju"]
[Result "1-0"]
[WhiteElo "2519"]
[BlackElo "2743"]
[TimeControl "180+1"]
[EndTime "10:40:01 PDT"]
[Termination "Gergo85 won by resignation"]

1. e4 c5 2. Nf3 Nc6 3. Bb5 g6 4. Bxc6 dxc6 5. d3 Bg7 6. h3 Nf6 7. Nc3 Nd7 8. Be3 e5 9. a4 a5 10.
O-O b6 11. Nd2 O-O 12. f4 exf4 13. Bxf4 Ne5 14. Nf3 Nxf3+ 15. Qxf3 Be6 16. Rad1 Rc8 17.
Qg3 Qd7 18. Kh1 h6 19. Be5 f6 20. Bf4 g5 21. Bc1 f5 22. exf5 Bxf5 23. Ne4 Qe6 24.
Rfe1 Be5 25. Nxg5 Bxg3 26. Nxe6 Bxe1 27. Nxf8 Bg3 28. Bxh6 Bd6 29. Rf1 Bxf8 30. Bxf8 Rxf8 31. Re1 Kf7 32. Kg1 Re8 33. Rf1 Kg6 34. Kf2 Re5 35. Kf3 Be6 36. b3 Rf5+ 37. Ke2 Rxf1 38. Kxf1 Kg5 39. Kf2 Kf4 40. g3+ Ke5 41. g4 Kd4 42.
Kf3 Kc3 43. h4 Kxc2 44. h5 Bf7 45. Ke4 Kxb3 46. Kf5 Kxa4 47. Kf6 Bg8 48. Kg7 Be6 49. h6 Bxg4 50. h7 Bf5 51. h8=Q Bxd3 52. Qd8 c4 53. Qxb6 Be4 54. Qd4 Bd5 55. Qb2 Be6 56. Kf6 Bd5 57. Ke5 Bf7 58. Kd4 Bd5 59. Kc3 c5 60. Qa2+ Kb5 61. Qa3 Kc6 62. Qxa5 Kd6 63. Qb6+ 1-0

[Event "*** Titled Tuesday Blitz"]
[Site "Chess.com"]
[Date "2020.05.12"]
[Round "4"]
[White "ChronicUnhappiness"]
[Black "Stewie_89"]
[Result "0-1"]
[WhiteElo "2338"]
[BlackElo "2620"]
[TimeControl "180+1"]
[EndTime "10:40:01 PDT"]
[Termination "Stewie_89 won by resignation"]

1. c4 e5 2. Nc3 Nc6 3. Nf3 g6 4. d4 exd4 5. Nxd4 Bg7 6. Nxc6 bxc6 7. g3 Ne7 8. Bg2 d6 9. O-O O-O 10. Qc2 Be6 11. b3 Qc8 12. Rd1 a5 13. Bb2 Re8 14. Ne4 Bf5 15. Bxg7 Bxe4 16. Qb2 Bxg2 17. Kxg2 Nf5 18.
Bf6 Qe6 19. Rd2 a4 20. h3 axb3 21. axb3 Rxa1 22. Qxa1 Qe4+ 23. Kh2 c5 24. Ra2 Nd4 25. Bxd4 cxd4 26. b4 h5 27. Rd2 c5 28. h4 cxb4 29.
Qxd4 Qxd4 30. Rxd4 Rxe2 31. Kg2 Rc2 32. Rxd6 Rxc4 33.
Rb6 Kf8 34. Kf3 Ke7 35. Ke3 Rc3+ 36. Kd4 Rf3 37. Rxb4 Rxf2 38. Rb3 Kf6 39. Ke4 Kg7 40. Rb7 Kh6 41. Rb6 f6 42. Ke3 Rf1 43. Ke2 Rf5 44. Rc6 g5 45. hxg5+ Kxg5 46. Rc4 Ra5 47. Kf3 f5 48.
Kg2 Re5 49. Kh3 Re4 50. Rc8 Re3 51. Rg8+ Kf6 52. Kh4 Re7 53. Rh8 Re4+ 54. Kh3 Kg6 55. Rg8+ Kh7 56. Rf8 Re5 57. Rf6 Kg7 58. Rc6 Re3 59.
Kh4 Re4+ 60. Kxh5 Rg4 61. Rc5 Kf6 62. Rc6+ Ke5 63. Rc5+ Ke4 64. Rc4+ Kf3 65. Rf4+ Rxf4 66. gxf4 Kxf4 67. Kh4 Ke3 68. Kh3 f4 69. Kg2 Ke2 70. Kg1 f3 71. Kh2 f2 0-1